 Dungeon Crawl Stone Soup version 0.28.0-53-g5a82cb258f (webtiles) character file.

Game seed: 14141665462784767143

1787 KamiKatze the Magician (level 8, -2/61 HPs)
             Began as a Deep Elf Conjurer on July 15, 2022.
             Was a Believer of Vehumet.
             Slain by a bullfrog (5 damage)
             ... on level 6 of the Dungeon on July 17, 2022.
             The game lasted 00:28:20 (5715 turns).

KamiKatze the Magician (Deep Elf Conjurer)          Turns: 5715, Time: 00:28:20

Health: -2/61      AC:  5    Str:  4    XL:     8   Next: 82%
Magic:  5/21       EV: 12    Int: 26    God:    Vehumet [**....]
Gold:   310        SH:  0    Dex: 13    Spells: 8/22 levels left

rFire   . . .      SeeInvis .   h - +1 dagger (holy)
rCold   . . .      Faith    .   (no shield)
rNeg    . . .      Spirit   .   a - +0 robe
rPois   .          Reflect  .   (no helmet)
rElec   .          Harm     .   b - +0 cloak
rCorr   .          Rampage  .   s - +0 pair of gloves
Will    +....                   n - +0 pair of boots
Stlth   ..........              w - amulet of regeneration
HPRegen 1.00/turn               d - ring of flight
MPRegen 0.17/turn               m - ring of willpower

@: berserking (expiring), flying, very quick
A: no striking features
a: Renounce Religion


You were on level 6 of the Dungeon.
You worshipped Vehumet.
Vehumet was pleased with you.
You visited 2 branches of the dungeon, and saw 7 of its levels.
You also visited: Sewer and Ossuary.

You collected 310 gold pieces.

Inventory:

Hand Weapons
 e - a +0 dagger of venom
 h - a +1 dagger of holy wrath (weapon)
Missiles
 g - 49 stones
 p - 6 poisoned darts (quivered)
Armour
 a - a +0 robe (worn)
 b - a +0 cloak (worn)
 c - a +0 leather armour
 n - a +0 pair of boots (worn)
 s - a +0 pair of gloves (worn)
Jewellery
 d - a ring of flight (left hand)
 m - a ring of willpower (right hand)
 w - an amulet of regeneration (around neck)
Wands
 r - a wand of paralysis (9)
 v - a wand of flame (22)
 D - a wand of digging (8)
 F - a wand of polymorph (5)
Scrolls
 j - 2 scrolls of teleportation {unknown}
 o - a scroll of acquirement {unknown}
 u - a scroll of brand weapon {unknown}
 y - 2 scrolls of enchant weapon {unknown}
 z - a scroll of blinking {unknown}
 B - a scroll of immolation {unknown}
 C - a scroll of fog {unknown}
Potions
 f - 7 potions of curing
 i - a potion of cancellation
 k - a potion of heal wounds
 l - a potion of berserk rage
 q - 2 potions of mutation {unknown}
 t - 4 potions of attraction
 x - 3 potions of brilliance
 A - a potion of magic {unknown}
 E - a potion of might
 G - a potion of flight {unknown}


   Skills:
 - Level 3.0 Dodging
 - Level 3.0 Stealth
 * Level 7.5 Spellcasting
 * Level 7.4 Conjurations
 * Level 6.6 Hexes
 * Level 5.6 Translocations
 * Level 2.4 Fire Magic
 * Level 2.3 Poison Magic


You had 8 spell levels left.
You knew the following spells:

 Your Spells              Type           Power      Damage    Failure   Level
a - Magic Dart            Conj           100%       1d8       1%          1
b - Searing Ray           Conj           96%        2d7       1%          2
c - Fulminant Prism       Conj/Hex       23%        3d13      3%          4
d - Iskenderun's Mystic   Conj/Tloc      43%        2d10      4%          4
e - Ignite Poison         Fire/Tmut/Pois 18%        N/A       10%         3

Your spell library contained the following spells:

 Spells                   Type           Power      Damage    Failure   Level
 Shock                    Conj/Air       100%       1d9       1%          1
 Dazzling Flash           Conj/Hex       92%        N/A       1%          3
 Conjure Flame            Conj/Fire      35%        6-21      2%          3
 Beastly Appendage        Tmut           18%        N/A       6%          1
 Sticky Flame             Conj/Fire      35%        2d5       8%          4
 Sublimation of Blood     Necr           9%         N/A       9%          2
 Wereblood                Tmut           9%         N/A       9%          2
 Spider Form              Tmut/Pois      15%        N/A       11%         3
 Summon Hydra             Summ           4%         N/A       100%        7


Dungeon Overview and Level Annotations

Branches:
Dungeon (6/15)             Temple (1/1) D:4           Sewer (visited)
Ossuary (visited)

Altars:
Ashenzari
Cheibriados
Dithmenos
Elyvilon
Fedhas
Gozag
Hepliaklqana
Kikubaaqudgha
Makhleb
Nemelex Xobeh
Okawaru
Qazlal
Ru
Sif Muna
Trog
Uskayaw
Vehumet
Xom
Yredelemnul
Zin
The Shining One


Message History

Unknown command.
You feel better.
The killer bee zombie closely misses you.
The killer bee zombie barely misses you.
A red film seems to cover your vision as you go berserk!
You feel yourself moving faster!
You feel mighty!
A bullfrog comes into view.
The killer bee zombie closely misses you.
You puncture the killer bee zombie!
You destroy the killer bee zombie!
Vehumet accepts your kill.
You feel your power returning.
An orc comes into view. It is wielding a +0 flail.
You feel a strong urge to attack something.
You barely miss the orc. The orc hits you with a +0 flail!
* * * LOW HITPOINT WARNING * * *
You closely miss the orc. The bullfrog hits you.
* * * LOW HITPOINT WARNING * * *
You hit the orc.
The orc is severely wounded.
The orc hits you but does no damage. The bullfrog hits you.
* * * LOW HITPOINT WARNING * * *
You puncture the orc!
You kill the orc!
Vehumet accepts your kill.
You feel your power returning. The bullfrog hits you.
* * * LOW HITPOINT WARNING * * *
Things that are here:
a +0 flail; an orc corpse You hit the bullfrog.
The bullfrog is moderately wounded.
The bullfrog barely misses you.
You closely miss the bullfrog.
The bullfrog is moderately wounded.
The bullfrog hits you.
* * * LOW HITPOINT WARNING * * *
You puncture the bullfrog!
The bullfrog is severely wounded.
The bullfrog hits you.
You die...

#..>,,,* ##########.#**#.#
******* ###........#.## #.#
*,,,,,*
......†.......###.##**,,,,,*
#.###'###..#........,,,,,,,*
.,,*#.##.....(..#.#***,,,,,*
,,,,###..#†.....#.# *,,,,,*
,,,,,#..####..###.######.***
*+**#...***#...F@<.......,*
*,*#..........####.#####.,*
***..##.#####+#* *.# *,,*
,*,..**,* **,,,***.# ***,,*
,,,,,,,,***,,,,,**.# *,,,,*
*,*,,*****,,,,,,,*.# *,,*,*
**,,,****,,,,,,,,,.#**,,,,*
,,,,,,,,+,,,,,,,,,..,,,,,,*
**,,,****,,,,,,,,,,,,,,,,,*


You could see a bullfrog.

Vanquished Creatures
  Sigmund (D:4)
  2 wraiths (Ossuary)
  Duvessa (D:5)
  A black bear (D:5)
  A necrophage (D:4)
  2 ogres
  A phantom (D:5)
  A water moccasin zombie (D:5)
  Dowan (D:6)
  2 wights (Ossuary)
  2 hounds
  An orc priest (D:5)
  2 jellies
  Ijyb (D:3)
  2 iguanas
  Terence (D:3)
  A killer bee zombie (D:6)
  A hound skeleton (D:5)
  A mummy (D:6)
  3 gnolls
  A howler monkey skeleton (D:5)
  14 adders
  4 river rats
  A white imp (D:6)
  7 worms
  A dart slug (D:3)
  5 orcs
  9 endoplasms
  2 giant cockroaches
  5 goblins
  9 hobgoblins
  4 quokkas
  5 ball pythons
  4 bats
  6 frilled lizards
  A hobgoblin skeleton (Ossuary)
  A hobgoblin zombie (Ossuary)
  9 kobolds
  2 kobold zombies (Ossuary)
  An orc skeleton (Ossuary)
  4 orc zombies (Ossuary)
  10 rats
133 creatures vanquished.

Vanquished Creatures (others)
  8 fulminant prisms
8 creatures vanquished.

Grand Total: 141 creatures vanquished

Notes
Turn   | Place    | Note
-------+----------+-------------------------------------------
     0 | D:1      | KamiKatze the Deep Elf Conjurer began the quest for the
                  | Orb.
     0 | D:1      | Reached XP level 1. HP: 10/10 MP: 6/6
   267 | D:1      | Reached skill level 1 in Hexes
   267 | D:1      | Reached XP level 2. HP: 15/15 MP: 4/8
   270 | D:1      | Learned a level 2 spell: Searing Ray
   635 | D:1      | Reached skill level 1 in Translocations
   921 | D:2      | Reached XP level 3. HP: 19/19 MP: 7/9
  1957 | D:3      | Noticed Ijyb
  1962 | D:3      | Paralysed by Ijyb for 5 turns
  1976 | D:3      | Killed Ijyb
  1977 | D:3      | Reached XP level 4. HP: 7/22 MP: 1/11
  2312 | D:3      | Noticed Terence
  2321 | D:3      | Killed Terence
  2738 | D:4      | Reached skill level 5 in Conjurations
  2773 | D:4      | Learned a level 4 spell: Fulminant Prism
  2778 | D:4      | Learned a level 4 spell: Iskenderun's Mystic Blast
  2937 | D:4      | Reached XP level 5. HP: 28/28 MP: 8/13
  3005 | D:4      | Found a staircase to the Ecumenical Temple.
  3012 | Temple   | Entered the Ecumenical Temple
  3171 | Temple   | Became a worshipper of Vehumet
  3414 | D:4      | Noticed an ogre
  3446 | D:4      | Killed an ogre
  3447 | D:4      | Reached XP level 6. HP: 32/32 MP: 2/15
  3739 | D:5      | Entered Level 5 of the Dungeon
  3750 | D:5      | Noticed Sigmund
  3766 | D:4      | Killed Sigmund
  3767 | D:4      | Reached skill level 5 in Spellcasting
  3770 | D:4      | Reached XP level 7. HP: 13/36 MP: 15/17
  3939 | D:5      | Found a glowing drain.
  3955 | Sewer    | Entered a sewer
  4263 | Sewer    | Reached * piety under Vehumet
  4263 | Sewer    | Offered knowledge of Freeze by Vehumet.
  4488 | D:5      | Reached skill level 5 in Hexes
  4632 | D:5      | Found an iron altar of Okawaru.
  4637 | D:5      | Found a blossoming altar of Fedhas.
  4638 | D:5      | Found an opulent altar of Gozag.
  4639 | D:5      | Found a basalt altar of Yredelemnul.
  4934 | D:5      | Reached XP level 8. HP: 41/41 MP: 14/19
  5003 | D:5      | Noticed Duvessa
  5024 | D:5      | Learned a level 3 spell: Ignite Poison
  5119 | D:5      | Noticed Dowan
  5128 | D:5      | Killed Duvessa
  5129 | D:5      | Reached skill level 5 in Translocations
  5142 | D:6      | Killed Dowan
  5234 | D:6      | Found a sand-covered staircase.
  5242 | D:6      | Reached skill level 1 in Fire Magic
  5242 | D:6      | Reached skill level 1 in Poison Magic
  5254 | Ossuary  | Entered an ossuary
  5300 | Ossuary  | Offered knowledge of Shock by Vehumet.
  5320 | Ossuary  | Reached ** piety under Vehumet
  5354 | Ossuary  | Noticed a flying skull
  5364 | Ossuary  | Noticed a flying skull
  5377 | Ossuary  | HP: 1/41 [wraith (9)]
  5470 | Ossuary  | Noticed a flying skull
  5477 | Ossuary  | Noticed a flying skull
  5572 | Ossuary  | Noticed a flying skull
  5714 | D:6      | HP: 3/61 [bullfrog (4)]
  5715 | D:6      | Slain by a bullfrog

Illustrated notes

Levels and vault maps discovered:
D:1:      nicolae_arrival_memento_mori, layout_loops_ring
D:2:      layout_loops_corners
D:3:      layout_basic, uniq_ijyb, uniq_terence
D:4:      layout_loops_ring, minmay_temple_entry_tees
D:5:      layout_basic, mainiacjoe_overflow_alcove_3, lightli_sewer_entry_pipes,
          hangedman_decor_opposing, uniq_duvessa, uniq_sigmund
D:6:      layout_loops_corners, nicolae_ossuary_entry_giza
Temple:   minmay_crystal_spiral_temple

Skill      XL: |  1  2  3  4  5  6  7  8 |
---------------+-------------------------+-----
Hexes          | 1 2 3 4 5 6 |  6.6
Translocations | 1 2 3 4 5 |  5.6
Stealth        | 3 |  3.0
Spellcasting   | 4 5 6 7 |  7.5
Conjurations   | 5 6 7 |  7.4
Dodging        | 3 |  3.0
Fire Magic     | 2 |  2.4
Poison Magic   | 2 |  2.3

Action                   |  1- 3 |  4- 6 |  7- 9 || total
-------------------------+-------+-------+-------++-------
Melee: Dagger            |    43 |    25 |   106 ||   174
       Punch             |     1 |       |     1 ||     2
 Cast: Magic Dart        |    70 |    27 |    54 ||   151
       Searing Ray       |     5 |     4 |    23 ||    32
       Fulminant Prism   |       |     2 |     6 ||     8
       Iskenderun's Myst |       |       |    11 ||    11
       Ignite Poison     |       |       |     2 ||     2
  Use: Scroll            |       |     4 |     8 ||    12
       Potion            |       |     2 |     3 ||     5
 Stab: Sleeping          |     1 |     2 |    14 ||    17
Armor: Robe              |     2 |     6 |    32 ||    40
Dodge: Dodged            |    26 |    15 |    76 ||   117
